 Dungeon Crawl Stone Soup version 0.31-a0-1308-ga3cce3a448 (webtiles) character file.

Game seed: 7987066335919161990

2690 Maratek the Protected (level 9, -11/82 HPs)
             Began as a Minotaur Fighter on Dec 19, 2023.
             Was a Priest of Qazlal.
             Killed from afar by a raiju (21 damage)
             ... with a living lightning
             ... on level 7 of the Dungeon.
             The game lasted 00:08:53 (5942 turns).

Maratek the Protected (Minotaur Fighter)            Turns: 5942, Time: 00:08:54

Health: -11/82     AC: 11    Str: 20    XL:     9   Next: 38%
Magic:  8/8        EV:  9    Int:  9    God:    Qazlal [***...]
Gold:   383        SH: 10    Dex: 11    Spells: 8/8 levels left

rFire   . . .        p - +5 Force Lance {heavy, knockback}
rCold   . . .        c - +0 buckler
rNeg    . . .        b - +0 scale mail
rPois   .            (helmet restricted)
rElec   .            (no cloak)
rCorr   .            (no gloves)
SInv    .            i - +2 pair of boots
Will    .....        (no amulet) Stlth
                     (no ring)
HPRegen 0.33/turn    (no ring)
MPRegen 0.11/turn

%: no passive effects
@: no status effects
A: horns 2, retaliatory headbutt
a: Renounce Religion, Upheaval, Elemental Force


You were on level 7 of the Dungeon.
You worshipped Qazlal.
Qazlal was most pleased with you.
You visited 1 branch of the dungeon, and saw 7 of its levels.

You collected 383 gold pieces.

Inventory:

Hand Weapons
 a - a +0 war axe
 o - a +3 war axe of pain
 p - the +5 Force Lance (weapon) {heavy, knockback}
   (You found it on level 6 of the Dungeon)
Armour
 b - a +0 scale mail (worn)
 c - a +0 buckler (worn)
 i - a +2 pair of boots (worn)
Jewellery
 k - a +6 ring of intelligence
 r - an amulet of magic regeneration
 s - a ring of ice
Wands
 d - a wand of quicksilver (13)
Scrolls
 n - a scroll of identify
Potions
 e - a potion of ambrosia
 f - 3 potions of haste
 g - a potion of mutation {unknown}
 h - 2 potions of invisibility {unknown}
 j - a potion of lignification {unknown}
 l - a potion of heal wounds {unknown}
 m - 5 potions of curing {unknown}
 q - 2 potions of brilliance {unknown}


   Skills:
 * Level 8.5 Fighting
 - Level 7.1(7.4) Axes
 * Level 3.3(5.6) Polearms
 * Level 8.6 Armour
 * Level 8.6 Shields


You had 8 spell levels left.
You didn't know any spells.
Your spell library contained the following spells:

 Spells                   Type           Power      Damage    Failure   Level
 Kiss of Death            Conj/Necr      0%         2d5       75%         1
 Magic Dart               Conj           0%         1d3       75%         1
 Call Imp                 Summ           0%         N/A       87%         2
 Confusing Touch          Hex            0%         N/A       98%         3
 Gell's Gravitas          Tloc           0%         N/A       98%         3
 Mephitic Cloud           Conj/Pois/Air  0%         N/A       98%         3
 Teleport Other           Tloc           0%         N/A       98%         3
 Dispel Undead            Necr           0%         3d6       100%        4
 Dispersal                Tloc           0%         N/A       100%        6


Dungeon Overview and Level Annotations

Branches:
Dungeon (7/15)             Temple (0/1) D:6

Altars:
Ashenzari
Kikubaaqudgha
Qazlal
Sif Muna
Vehumet
Wu Jian

Shops:
D:5 :


Innate Abilities, Weirdness & Mutations

You have a pair of horns on your head.
You reflexively headbutt those who attack you in melee.


Message History

The bolt of electricity hits you!
The electric eel shoots out a bolt of lightning at you!
The bolt of electricity misses you.
You reach to attack!
You hit the raiju.
The raiju is knocked back by the blow.
The raiju slams into the rock wall!
The raiju is lightly wounded. x2
You closely miss the raiju.
The raiju is lightly wounded.
The raiju bites you. The raiju shocks you!
You are too injured to fight recklessly!
You are too injured to fight recklessly!
You are too injured to fight recklessly!
You puncture the raiju!
The raiju is heavily wounded.
The raiju is engulfed in blazing flames.
The raiju bursts into living lightning!
The living lightning hits you!
* * * LOW HITPOINT WARNING * * *
The raiju blinks!
You hit the raiju but do no damage.
The raiju is severely wounded.
The water moccasin bites you!
* * * LOW HITPOINT WARNING * * *
You block the raiju's attack. The water moccasin misses you.
The raiju bursts into living lightning!
The living lightning misses you.
The raiju blinks!
You miss the water moccasin. You block the water moccasin's attack.
The water moccasin bites you.
* * * LOW HITPOINT WARNING * * *
The raiju bursts into living lightning!
The living lightning hits you.
* * * LOW HITPOINT WARNING * * *
The raiju blinks!
You hit the raiju. Your headbutt misses the raiju.
The raiju is almost dead.
The water moccasin bites you.
* * * LOW HITPOINT WARNING * * *
The raiju bursts into living lightning!
The living lightning hits you!!
You die...

....~S~#.##..##.####
....S.~#.###.......#
~~....^..# ##§#.##.#
~~~≈.....###.##.##.#
#≈S~...##..##..#.#
###≈~#.#...###.#.#
####.....###...#
###☼..........#
#.@S....#####.#
#h.○....# #.#
#.......# #.#
#.......# #.#
######### #.# .#


You could see a raiju and a water moccasin.

Vanquished Creatures
  Sigmund (D:3)
  Eustachio (D:5)
  Menkaure (D:6)
  2 water moccasins (D:4)
  2 ice beasts (D:7)
  A black bear (D:5)
  A sky beast (D:7)
  5 ogres
  A centaur (D:5)
  A kobold brigand (D:6)
  2 phantoms (D:5)
  Blork the orc (D:4)
  2 bullfrogs (D:6)
  2 scorpions
  A howler monkey (D:6)
  An electric eel (D:7)
  3 hounds
  2 jellies (D:5)
  An orc priest (D:6)
  2 sleepcaps
  Terence (D:3)
  3 iguanas
  An orc wizard (D:6)
  3 gnolls (D:7)
  13 adders
  A worm (D:3)
  4 dart slugs
  7 orcs
  5 bats
  10 endoplasms
  3 giant cockroaches
  8 goblins
  7 hobgoblins
  4 jackals (D:5)
  6 kobolds
  5 quokkas
  10 ball pythons
  3 frilled lizards
  11 rats
138 creatures vanquished.

Notes
Turn   | Place    | Note
-------+----------+-------------------------------------------
     0 | D:1      | Maratek the Minotaur Fighter began the quest for the Orb.
     0 | D:1      | Reached XP level 1. HP: 19/19 MP: 0/0
   218 | D:1      | Reached XP level 2. HP: 27/27 MP: 1/1
   331 | D:1      | Found a faded altar of an unknown god.
   477 | D:1      | Reached XP level 3. HP: 33/33 MP: 2/2
   724 | D:1      | Prayed at the altar of an unknown god.
   724 | D:1      | Became a worshipper of Qazlal Stormbringer
   724 | D:1      | Reached * piety under Qazlal
  1228 | D:2      | Reached XP level 4. HP: 40/40 MP: 3/3
  1747 | D:3      | Reached ** piety under Qazlal
  1787 | D:3      | Found an ornate altar of the Wu Jian Council.
  1788 | D:3      | Found an ancient bone altar of Kikubaaqudgha.
  1840 | D:3      | Noticed Sigmund
  1841 | D:3      | Noticed Terence
  1846 | D:3      | Killed Terence
  1847 | D:3      | Reached XP level 5. HP: 31/47 MP: 4/4
  1849 | D:3      | Killed Sigmund
  1850 | D:3      | Reached skill level 5 in Fighting
  1850 | D:3      | Reached skill level 5 in Armour
  1850 | D:3      | Reached skill level 5 in Shields
  1850 | D:3      | Reached XP level 6. HP: 54/56 MP: 5/5
  1983 | D:3      | Found a broken altar of Ashenzari.
  1983 | D:3      | Found a radiant altar of Vehumet.
  2201 | D:3      | Found a shimmering blue altar of Sif Muna.
  2577 | D:4      | Noticed a water moccasin
  2589 | D:4      | Killed a water moccasin
  2668 | D:4      | Noticed a water moccasin
  2672 | D:4      | Killed a water moccasin
  2673 | D:4      | Reached skill level 5 in Axes
  2673 | D:4      | Reached XP level 7. HP: 62/62 MP: 6/6
  3298 | D:4      | Noticed Blork the orc
  3304 | D:4      | Killed Blork the orc
  3520 | D:5      | Entered Level 5 of the Dungeon
  3836 | D:5      | Reached XP level 8. HP: 56/71 MP: 7/7
  3922 | D:5      | Found Maiclauz's Book Shop.
  4077 | D:5      | Noticed Eustachio
  4087 | D:5      | Killed Eustachio
  4214 | D:5      | Reached *** piety under Qazlal
  4706 | D:6      | Found the +5 Force Lance {heavy, knockback}
  4770 | D:6      | Reached skill level 1 in Polearms
  5064 | D:6      | Noticed Menkaure
  5083 | D:6      | Reached XP level 9. HP: 43/81 MP: 8/8
  5088 | D:6      | Killed Menkaure
  5333 | D:6      | Found a staircase to the Ecumenical Temple.
  5942 | D:7      | Killed from afar by a raiju

Illustrated notes

Levels and vault maps discovered:
D:1:      nicolae_arrival_somewhat_less_tricky_arrival, layout_basic,
          shapermc_ecumenical_altar_acropolis, chequers_serial_rivers_micro_c,
          hangedman_decor_peaks_small, minmay_cut_off
D:2:      layout_loops_corners, minmay_crystal_water
D:3:      layout_basic, mainiacjoe_overflow_alcove_2,
          gammafunk_temple_overflow_elements,
          chequers_temple_overflow_statue_of_worship, uniq_terence, uniq_sigmund
D:4:      layout_loops_corners, st_stairs_4, nicolae_elevator_lobby_asterisk,
          uniq_blork_the_orc
D:5:      layout_loops_ring, serial_shops, kennysheep_little_box, uniq_eustachio
D:6:      layout_basic, minmay_temple_entry_waves, uniq_menkaure
D:7:      layout_loops_cross, nicolae_have_a_lightning_rod

Skill      XL: |  1  2  3  4  5  6  7  8  9 |
---------------+----------------------------+-----
Armour         | 4 5 6 8 |  8.6
Shields        | 4 5 6 8 |  8.6
Fighting       | 4 5 6 7 8 |  8.5
Axes           | 3 4 5 6 7 |  7.1
Polearms       | 1 3 |  3.3

Action                     |  1- 3 |  4- 6 |  7- 9 || total
---------------------------+-------+-------+-------++-------
  Melee: War axe           |    74 |    86 |   116 ||   276
         Headbutt          |    13 |    17 |    30 ||    60
         Lance             |       |       |    67 ||    67
    Use: Scroll            |       |     3 |     5 ||     8
         Potion            |       |     2 |     1 ||     3
 Armour: Scale mail        |    44 |    74 |   114 ||   232
  Dodge: Dodged            |    30 |    30 |    66 ||   126
  Block: Buckler           |    23 |    29 |    81 ||   133

Table legend: (Time is in decaauts)
 A = Elapsed time spent in this place.
 B = Non-inter-level travel time spent in this place.
 C = Inter-level travel time spent in this place.
 D = Time resting spent in this place.
 E = Time spent auto-exploring this place.
 F = Levels seen in this place.
 G = Mean time per level.
                   A        B        C        D        E       F      G
               +--------+--------+--------+--------+--------+-----+--------+
         Total |   6047 |   5792 |    255 |    326 |   4580 |   7 |  863.9 |
       Dungeon |   6047 |   5792 |    255 |    326 |   4580 |   7 |  863.9 |
               +--------+--------+--------+--------+--------+-----+--------+

Top non-repeatable levels by time:
     D:5: 1173 daAuts
     D:4: 1135 daAuts
     D:2: 974 daAuts
     D:6: 876 daAuts
     D:1: 760 daAuts
     D:3: 718 daAuts
     D:7: 408 daAuts
